[Event "African Games Rapid Open 2019"]
[Site "Casablanca"]
[Date "2019.08.26"]
[Round "3.23"]
[White "Marie, Patrick"]
[Black "Kouya, Tyeoulou Bernardin F"]
[Result "0-1"]
[ECO "B45"]
[WhiteElo "1921"]
[BlackElo "1770"]
[Annotator "NA"]
[PlyCount "90"]
[EventDate "2019.08.26"]
[EventType "team-tourn"]
[EventCountry "MAR"]
[SourceTitle "playchess.com"]
[Source "ChessBase"]
[SourceQuality "1"]
[TimeControl "900+10"]

1. e4 c5 2. Nc3 e6 3. Nf3 Nc6 4. d4 cxd4 5. Nxd4 Nf6 6. Be3 Be7 7. Be2 O-O 8. O-O d6 9. Kh1 a6 10. f4 Qc7 11. Bf3 Bd7 12. Nb3 b5 13. a3 Rac8 14. Qd2 Rfd8 15. Qf2 Qb8 16. Rad1 Be8 17. g4 b4 18. axb4 Nxb4 19. Bb6 Rd7 20. g5 Rb7 21. gxf6 Bxf6 22. Bd4 e5 23. Be3 g6 24. fxe5 Bxe5 25. Bd4 Bxd4 26. Rxd4 Nxc2 27. Qxc2 Rxb3 28. Rf2 Qb6 29. Qd2 Rc6 30. Nd5 Qb7 31. Nf6+ Kf8 32. e5 dxe5 33. Nxe8 exd4 34. Nf6 Rxf3 35. Qh6+ Ke7 36. Nd5+ Kd6 37. Rxf3 Kxd5 38. Qg5+ f5 39. Qg2 Kd6 40. Qg3+ Kd7 41. Qe5 Rc1+ 42. Kg2 Qxb2+ 43. Rf2 Qb7+ 44. Kh3 Rc3+ 45. Kh4 Qe4+ 0-1

[Event "African Games Rapid Open 2019"]
[Site "Casablanca"]
[Date "2019.08.26"]
[Round "4.3"]
[White "Wanyama, Harold"]
[Black "Traore, Bakary"]
[Result "1-0"]
[ECO "E80"]
[WhiteElo "2293"]
[BlackElo "2189"]
[Annotator "NA"]
[PlyCount "73"]
[EventDate "2019.08.26"]
[EventType "team-tourn"]
[EventCountry "MAR"]
[SourceTitle "playchess.com"]
[Source "ChessBase"]
[SourceQuality "1"]
[TimeControl "900+10"]

1. c4 Nf6 2. Nc3 g6 3. e4 d6 4. d4 Bg7 5. f3 c5 6. Be3 cxd4 7. Bxd4 Nc6 8. Be3 O-O 9. Nge2 Ne5 10. Nd4 a6 11. Qd2 Qc7 12. b3 Bd7 13. Rc1 Nc6 14. Nd5 Qd8 15. Nxc6 bxc6 16. Bb6 Qb8 17. Nxe7+ Kh8 18. c5 Re8 19. Qxd6 Qb7 20. Rd1 Nxe4 21. Qxd7 Bc3+ 22. Ke2 Ng3+ 23. Kf2 Be1+ 24. Kg1 Qxd7 25. Rxd7 Nxh1 26. Kxh1 Bh4 27. Nxc6 Re1 28. g3 Rxf1+ 29. Kg2 Ra1 30. gxh4 Rxa2+ 31. Kg3 Kg8 32. Nd4 Re8 33. c6 Ra1 34. c7 Rc1 35. Rd8 Kf8 36. Ba5 f5 37. Ne6+ 1-0

[Event "African Games Rapid Open 2019"]
[Site "Casablanca"]
[Date "2019.08.26"]
[Round "4.4"]
[White "Bellahcene, Bilel"]
[Black "Arab, Adlane"]
[Result "1-0"]
[ECO "B30"]
[WhiteElo "2550"]
[BlackElo "2485"]
[Annotator "ChessBase"]
[PlyCount "43"]
[EventDate "2019.08.26"]
[EventType "team-tourn"]
[EventCountry "MAR"]
[SourceTitle "playchess.com"]
[Source "ChessBase"]
[SourceQuality "1"]
[TimeControl "900+10"]

1. e4 c5 2. Nf3 Nc6 3. b4 cxb4 4. d4 d5 5. exd5 Qxd5 6. c4 bxc3 7. Nxc3 Qa5 8. d5 Qxc3+ 9. Bd2 Qa3 10. dxc6 bxc6 11. Qc2 Bd7 12. Ne5 Nf6 13. Nxd7 Nxd7 14. Qxc6 Rd8 15. Bb5 e6 16. O-O Be7 17. Qb7 a6 18. Bc6 O-O 19. Bxd7 Qd6 20. Ba4 Rb8 21. Qa7 Bf6 22. Rad1 1-0

[Event "African Games Rapid Open 2019"]
[Site "Casablanca"]
[Date "2019.08.26"]
[Round "4.5"]
[White "Mesfin, Leykun"]
[Black "Hamdouchi, Hicham"]
[Result "0-1"]
[ECO "B32"]
[WhiteElo "2151"]
[BlackElo "2562"]
[Annotator "ChessBase"]
[PlyCount "102"]
[EventDate "2019.08.26"]
[EventType "team-tourn"]
[EventCountry "MAR"]
[SourceTitle "playchess.com"]
[Source "ChessBase"]
[SourceQuality "1"]
[TimeControl "900+10"]

1. e4 c5 2. Nf3 Nc6 3. d4 cxd4 4. Nxd4 Qb6 5. Nb3 Nf6 6. Nc3 e6 7. Be3 Qc7 8. Be2 Bb4 9. O-O Bxc3 10. bxc3 Nxe4 11. Bf3 d5 12. Bxe4 dxe4 13. Bc5 b6 14. Bd6 Qd7 15. Qd2 Ne7 16. Rfd1 Nf5 17. Qf4 Nxd6 18. Rxd6 Qe7 19. Rad1 O-O 20. Qxe4 Bb7 21. Qe3 Rad8 22. Rxd8 Rxd8 23. Rxd8+ Qxd8 24. Qd2 Qxd2 25. Nxd2 Kf8 26. f3 Ke7 27. Kf2 Kd6 28. Ke3 Kc5 29. Kd3 Ba6+ 30. Ke3 Bc4 31. a4 Bd5 32. Kd3 a5 33. Nb3+ Kd6 34. c4 Bc6 35. c5+ Kc7 36. cxb6+ Kxb6 37. Nd2 Bxa4 38. Nc4+ Ka6 39. Nd6 f6 40. Ne4 Kb6 41. c4 Bc6 42. Nd2 a4 43. Kc3 Kc5 44. g3 e5 45. f4 Bg2 46. fxe5 fxe5 47. Nb1 e4 48. Na3 Bf1 49. Nc2 Bxc4 50. Ne3 a3 51. Nxc4 a2 {[%emt 0:00:02] Kd4+} 0-1

[Event "African Games Rapid Open 2019"]
[Site "Casablanca"]
[Date "2019.08.26"]
[Round "4.6"]
[White "Gohil, Mehul"]
[Black "Boudriga, Mohamed Ali"]
[Result "0-1"]
[ECO "A45"]
[WhiteElo "2076"]
[BlackElo "2325"]
[Annotator "NA"]
[PlyCount "78"]
[EventDate "2019.08.26"]
[EventType "team-tourn"]
[EventCountry "MAR"]
[SourceTitle "playchess.com"]
[Source "ChessBase"]
[SourceQuality "1"]
[TimeControl "900+10"]

1. d4 Nf6 2. Bg5 c5 3. d5 Qb6 4. Nc3 Qxb2 5. Bd2 Qb6 6. e4 d6 7. f4 e5 8. dxe6 Bxe6 9. Rb1 Qc7 10. Nf3 a6 11. a4 Be7 12. Be2 O-O 13. O-O Nc6 14. Ng5 Bd7 15. Be3 Nb4 16. Nf3 Bc6 17. e5 Ng4 18. Bc1 dxe5 19. Ng5 Nf6 20. Bf3 h6 21. Nge4 Rad8 22. Qe2 exf4 23. Bb2 Rfe8 24. Qc4 Nxc2 25. Nd1 Nd4 26. Nxf6+ Bxf6 27. Bh5 Bd5 28. Qd3 g6 29. Bg4 h5 30. Bh3 c4 31. Qa3 Re2 32. Nc3 Re3 33. Qa1 Bc6 34. Rf2 Rxh3 35. gxh3 Nf3+ 36. Kf1 Nd2+ 37. Kg1 Nxb1 38. Nxb1 Rd1+ 39. Rf1 Qb6+ 0-1

[Event "African Games Rapid Open 2019"]
[Site "Casablanca"]
[Date "2019.08.26"]
[Round "4.7"]
[White "Zaibi, Amir"]
[Black "Oatlhotse, Providence"]
[Result "1-0"]
[ECO "B90"]
[WhiteElo "2367"]
[BlackElo "2252"]
[Annotator "NA"]
[PlyCount "101"]
[EventDate "2019.08.26"]
[EventType "team-tourn"]
[EventCountry "MAR"]
[SourceTitle "playchess.com"]
[Source "ChessBase"]
[SourceQuality "1"]
[TimeControl "900+10"]

1. e4 c5 2. Nf3 d6 3. d4 cxd4 4. Nxd4 Nf6 5. Nc3 a6 6. Bc4 e6 7. Bb3 Nc6 8. Be3 Bd7 9. Qe2 Be7 10. O-O-O Rc8 11. Kb1 O-O 12. Nxc6 Rxc6 13. g4 Rxc3 14. bxc3 Nxe4 15. Bd4 Bc6 16. f3 Nf6 17. Rhe1 Qc7 18. g5 Nh5 19. Be3 d5 20. Rd4 Bb5 21. Qd2 Rc8 22. Rh4 g6 23. Bd4 a5 24. a4 Bc6 25. Rxh5 gxh5 26. g6 fxg6 27. Rxe6 Bf8 28. Qg5 Qd7 29. Re5 Rd8 30. c4 Re8 31. cxd5 Bxa4 32. Qf6 Rxe5 33. Qxe5 Bxb3 34. Qh8+ Kf7 35. Qxh7+ Ke8 36. Qxg6+ Qf7 37. Qe4+ Kd7 38. cxb3 Bd6 39. h3 Qe7 40. Kc2 Qf7 41. Kd3 Qe7 42. Qxe7+ Bxe7 43. Kc4 Bb4 44. Be5 Ke7 45. f4 Kd7 46. f5 Ke7 47. Kb5 Kd7 48. Kb6 Kc8 49. f6 h4 50. f7 a4 51. d6 1-0

[Event "African Games Rapid Open 2019"]
[Site "Casablanca"]
[Date "2019.08.26"]
[Round "4.8"]
[White "Mphungu, Gerrard"]
[Black "Aderito, Pedro"]
[Result "0-1"]
[ECO "D70"]
[WhiteElo "2107"]
[BlackElo "2301"]
[Annotator "NA"]
[PlyCount "52"]
[EventDate "2019.08.26"]
[EventType "team-tourn"]
[EventCountry "MAR"]
[SourceTitle "playchess.com"]
[Source "ChessBase"]
[SourceQuality "1"]
[TimeControl "900+10"]

1. d4 Nf6 2. c4 g6 3. Nf3 Bg7 4. g3 O-O 5. Bg2 d6 6. O-O Nbd7 7. Nc3 c6 8. b3 Qa5 9. Qd2 Re8 10. Bb2 h6 11. Rfd1 Qh5 12. d5 c5 13. h3 Ne5 14. Nxe5 dxe5 15. g4 Qh4 16. Qe3 h5 17. g5 Nh7 18. Ne4 Bf5 19. Ng3 Bxh3 20. Bxe5 Bxe5 21. Qxe5 Nxg5 22. Rd3 Bxg2 23. Kxg2 Qh3+ 24. Kg1 Qg4 25. f3 Qh4 26. Kg2 f6 0-1

[Event "African Games Rapid Open 2019"]
[Site "Casablanca"]
[Date "2019.08.26"]
[Round "4.9"]
[White "Silva, David"]
[Black "Khetho, Phemelo"]
[Result "1-0"]
[ECO "C49"]
[WhiteElo "2239"]
[BlackElo "2178"]
[Annotator "NA"]
[PlyCount "77"]
[EventDate "2019.08.26"]
[EventType "team-tourn"]
[EventCountry "MAR"]
[SourceTitle "playchess.com"]
[Source "ChessBase"]
[SourceQuality "1"]
[TimeControl "900+10"]

1. e4 e5 2. Nf3 Nf6 3. Nc3 Nc6 4. Bb5 Bb4 5. O-O O-O 6. d3 Bxc3 7. bxc3 d6 8. h3 Qe7 9. Re1 Nd8 10. d4 c6 11. Bd3 h6 12. a4 a5 13. Rb1 Re8 14. Ba3 Qc7 15. c4 Ne6 16. Bf1 c5 17. c3 b6 18. d5 Ng5 19. Nd2 Bd7 20. Bd3 Rab8 21. Nf1 Qc8 22. Re3 Bxh3 23. gxh3 Nxh3+ 24. Rxh3 Qxh3 25. Ng3 g6 26. Qf3 Kg7 27. Nf5+ Qxf5 28. exf5 e4 29. Qe3 exd3 30. Qxd3 g5 31. Bc1 Nd7 32. f4 g4 33. Be3 h5 34. Bf2 Nf6 35. Bh4 Rb7 36. Re1 Rbb8 37. Qb1 Nd7 38. Rxe8 Rxe8 39. Qb5 1-0

[Event "African Games Rapid Open 2019"]
[Site "Casablanca"]
[Date "2019.08.26"]
[Round "4.10"]
[White "Mwale, Joseph"]
[Black "Elarabi, Abobker Mohamed"]
[Result "1-0"]
[ECO "E06"]
[WhiteElo "2231"]
[BlackElo "2326"]
[Annotator "NA"]
[PlyCount "115"]
[EventDate "2019.08.26"]
[EventType "team-tourn"]
[EventCountry "MAR"]
[SourceTitle "playchess.com"]
[Source "ChessBase"]
[SourceQuality "1"]
[TimeControl "900+10"]

1. d4 d5 2. c4 e6 3. g3 Nf6 4. Bg2 Be7 5. Nf3 O-O 6. O-O c5 7. cxd5 Nxd5 8. Nc3 Nxc3 9. bxc3 Nc6 10. Rb1 Qa5 11. Qb3 Rd8 12. Rd1 cxd4 13. cxd4 Bd7 14. e4 Be8 15. d5 exd5 16. exd5 Nb4 17. d6 Rxd6 18. Rxd6 Bxd6 19. Bd2 Qxa2 20. Bxb4 Qxb3 21. Rxb3 Bxb4 22. Rxb4 b5 23. Nd4 Rc8 24. Rb1 Rc5 25. Bf1 a6 26. Ra1 Rd5 27. Nb3 Rd6 28. Nc5 b4 29. Nxa6 b3 30. Nc7 Bc6 31. Rb1 Rd7 32. Rxb3 Kf8 33. Na6 Rd1 34. Nc5 Bd5 35. Rd3 Rxd3 36. Bxd3 g6 37. Kf1 Ke7 38. Ke2 h6 39. Ke3 Bc6 40. Bc4 f5 41. Kd4 Kf6 42. Bd5 Bb5 43. f4 g5 44. Nd3 Be8 45. Ne5 gxf4 46. gxf4 Ba4 47. Bc6 Bc2 48. Nd7+ Ke6 49. Nc5+ Kf6 50. Bd5 Bb1 51. Bb3 h5 52. h4 Kg7 53. Kc3 Kf6 54. Bc4 Kg6 55. Bd5 Kf6 56. Kb2 Be4 57. Nxe4+ fxe4 58. Bxe4 1-0

[Event "African Games Rapid Open 2019"]
[Site "Casablanca"]
[Date "2019.08.26"]
[Round "4.11"]
[White "Amba, Oyon Marius Claude"]
[Black "Makoto, Rodwell"]
[Result "1-0"]
[ECO "C60"]
[WhiteElo "1911"]
[BlackElo "2373"]
[Annotator "NA"]
[PlyCount "78"]
[EventDate "2019.08.26"]
[EventType "team-tourn"]
[EventCountry "MAR"]
[SourceTitle "playchess.com"]
[Source "ChessBase"]
[SourceQuality "1"]
[TimeControl "900+10"]

1. e4 e5 2. Nf3 Nc6 3. Bb5 g6 4. O-O Bg7 5. d3 a6 6. Ba4 d6 7. h3 Nf6 8. Bg5 h6 9. Bh4 O-O 10. c3 g5 11. Bg3 Ne7 12. Nbd2 Ng6 13. Re1 Nh5 14. Bb3 Nhf4 15. Kh2 Nxd3 16. Re2 h5 17. Kg1 g4 18. hxg4 Bxg4 19. Nc4 Ndf4 20. Re3 h4 21. Bxf4 exf4 22. Rd3 h3 23. gxh3 Bxh3 24. Kh2 Be6 25. Qg1 Bh6 26. Nce5 Qf6 27. Nxg6 fxg6 28. Qg4 Bxb3 29. axb3 Rae8 30. Rg1 Rxe4 31. Qh3 Re7 32. Rd5 Rff7 33. Qc8+ Kg7 34. Rh5 Qe6 35. Rxh6 Kxh6 36. Qh8+ Rh7 37. Qf8+ Rhg7 38. Qh8+ Rh7 39. Qf8+ Reg7 1-0

[Event "African Games Rapid Open 2019"]
[Site "Casablanca"]
[Date "2019.08.26"]
[Round "4.12"]
[White "Tissir, Mohamed"]
[Black "Adu, Oladapo"]
[Result "1/2-1/2"]
[ECO "B87"]
[WhiteElo "2379"]
[BlackElo "2273"]
[Annotator "NA"]
[PlyCount "115"]
[EventDate "2019.08.26"]
[EventType "team-tourn"]
[EventCountry "MAR"]
[SourceTitle "playchess.com"]
[Source "ChessBase"]
[SourceQuality "1"]
[TimeControl "900+10"]

1. e4 c5 2. Nc3 a6 3. Nf3 d6 4. d4 cxd4 5. Nxd4 Nf6 6. Bc4 e6 7. Bb3 b5 8. O-O b4 9. Na4 Bd7 10. c3 Nc6 11. Nxc6 Bxc6 12. f3 d5 13. exd5 Nxd5 14. c4 Nb6 15. Qxd8+ Rxd8 16. Nxb6 Bc5+ 17. Kh1 Bxb6 18. a3 bxa3 19. Rxa3 a5 20. Bg5 f6 21. Bh4 Ke7 22. Be1 Rd3 23. Bc3 Rhd8 24. Bc2 Rxc3 25. Rxc3 Bd4 26. Ra3 Ra8 27. b3 Kd6 28. Ra2 f5 29. g3 Kc5 30. Kg2 g6 31. h4 Kb4 32. Rd1 e5 33. Rf1 h5 34. Rd1 Rd8 35. Rf1 Re8 36. Rd1 Ra8 37. Rf1 e4 38. fxe4 fxe4 39. Rf4 Re8 40. Kf1 Bc3 41. Ke2 Kc5 42. Ke3 Kb4 43. Rf7 Rd8 44. Rc7 Bd4+ 45. Ke2 Rd6 46. Rxc6 Rxc6 47. Bxe4 Re6 48. Kd3 Bb6 49. Re2 Bc7 50. Rf2 Bxg3 51. Rg2 Bxh4 52. Rxg6 Rf6 53. Rxf6 Bxf6 54. Kc2 h4 55. Bf5 Kc5 56. Bh3 Kd4 57. Bd7 Be7 58. Bc8 1/2-1/2

[Event "African Games Rapid Open 2019"]
[Site "Casablanca"]
[Date "2019.08.26"]
[Round "4.13"]
[White "Chumfwa, Stanley"]
[Black "Mushore, Emarald Takudzwa"]
[Result "1-0"]
[ECO "A05"]
[WhiteElo "2317"]
[BlackElo "2198"]
[Annotator "NA"]
[PlyCount "117"]
[EventDate "2019.08.26"]
[EventType "team-tourn"]
[EventCountry "MAR"]
[SourceTitle "playchess.com"]
[Source "ChessBase"]
[SourceQuality "1"]
[TimeControl "900+10"]

1. Nf3 Nf6 2. g3 b5 3. Bg2 Bb7 4. O-O e6 5. d3 c5 6. e4 d5 7. exd5 Bxd5 8. Nc3 Bc6 9. d4 cxd4 10. Qxd4 Qxd4 11. Nxd4 Bxg2 12. Kxg2 a6 13. a4 b4 14. Na2 Bc5 15. Nb3 Be7 16. Bd2 Nc6 17. c3 Rb8 18. cxb4 Nxb4 19. Na5 Nxa2 20. Rxa2 Rc8 21. b4 Ne4 22. Be1 O-O 23. b5 axb5 24. axb5 Bc5 25. Nc6 Rfe8 26. Rc2 Bf8 27. Ba5 Nd6 28. Rb1 Nb7 29. Bb6 f6 30. h4 e5 31. Be3 h5 32. Rd1 Rc7 33. Kf3 Kh7 34. Ra1 Kg6 35. Nxe5+ Rxe5 36. Rxc7 Rxb5 37. Ra8 Bd6 38. Rd7 Be5 39. Rg8 Nd6 40. Rdxg7+ Kf5 41. Rh7 Nc4 42. Rxh5+ Ke6 43. Rc8 Nd6 44. Rc5 Rb7 45. g4 Rf7 46. Ke2 Ne4 47. Rcxe5+ fxe5 48. Rh6+ Kd5 49. g5 Nc3+ 50. Kd3 Rc7 51. g6 e4+ 52. Kd2 Nb1+ 53. Ke2 Ke6 54. g7+ Kf7 55. Bd4 Nc3+ 56. Kf1 Nd5 57. Rh8 Rc1+ 58. Kg2 Nf4+ 59. Kh2 1-0

[Event "African Games Rapid Open 2019"]
[Site "Casablanca"]
[Date "2019.08.26"]
[Round "4.14"]
[White "Koualet-Bebondi, Vianney Archeveq"]
[Black "Osunfuyi, Abimbola"]
[Result "0-1"]
[ECO "B50"]
[WhiteElo "1679"]
[BlackElo "2235"]
[Annotator "NA"]
[PlyCount "98"]
[EventDate "2019.08.26"]
[EventType "team-tourn"]
[EventCountry "MAR"]
[SourceTitle "playchess.com"]
[Source "ChessBase"]
[SourceQuality "1"]
[TimeControl "900+10"]

1. e4 c5 2. Nf3 d6 3. Nc3 a6 4. Bc4 e6 5. O-O b5 6. Be2 Bb7 7. d3 Be7 8. a3 Nf6 9. Bg5 Nc6 10. h3 Qc7 11. Nh2 O-O 12. f4 b4 13. axb4 cxb4 14. Na4 a5 15. Bf3 Nd4 16. c3 Nxf3+ 17. Nxf3 Bc6 18. c4 Rfd8 19. b3 h6 20. Bh4 d5 21. e5 Ne8 22. Bxe7 Qxe7 23. Nb2 dxc4 24. bxc4 a4 25. Nxa4 Qa7+ 26. d4 Bxa4 27. Qd3 Qb7 28. g4 Bc6 29. Rxa8 Rxa8 30. Nd2 Ra3 31. Nb3 Ba4 32. Rb1 Bxb3 33. Rxb3 Ra1+ 34. Rb1 Qa6 35. Rf1 Rxf1+ 36. Kxf1 Qa1+ 37. Ke2 Qa2+ 38. Kd1 b3 39. Qc3 b2 40. Qxb2 Qxb2 41. c5 Qxd4+ 42. Ke2 Qxf4 43. c6 Qxe5+ 44. Kf3 Qd5+ 45. Kg3 Qxc6 46. h4 Nf6 47. g5 Nh5+ 48. Kg4 Qe4+ 49. Kxh5 Qf3# 0-1

[Event "African Games Rapid Open 2019"]
[Site "Casablanca"]
[Date "2019.08.26"]
[Round "4.15"]
[White "Kouya, Tyeoulou Bernardin F"]
[Black "Beukes, Dante M"]
[Result "1-0"]
[ECO "A48"]
[WhiteElo "1770"]
[BlackElo "2130"]
[Annotator "NA"]
[PlyCount "121"]
[EventDate "2019.08.26"]
[EventType "team-tourn"]
[EventCountry "MAR"]
[SourceTitle "playchess.com"]
[Source "ChessBase"]
[SourceQuality "1"]
[TimeControl "900+10"]

1. d4 Nf6 2. Nf3 g6 3. Bg5 Bg7 4. Nbd2 d5 5. e3 O-O 6. Bd3 c5 7. c3 Nc6 8. O-O cxd4 9. exd4 Bg4 10. h3 Be6 11. Qe2 h6 12. Bh4 Nh5 13. Bc2 Qd7 14. Rae1 Rac8 15. Bg3 Nxg3 16. fxg3 Nxd4 17. Nxd4 Bxd4+ 18. Kh2 Bg7 19. Bxg6 fxg6 20. Qxe6+ Qxe6 21. Rxe6 Rxf1 22. Nxf1 Kf7 23. Re2 e5 24. Ne3 Ke6 25. Nc2 a6 26. g4 Rf8 27. Kg1 Kd6 28. Rf2 Rxf2 29. Kxf2 Bf6 30. Ke2 Bg5 31. Ne1 a5 32. a4 e4 33. Nc2 Kc5 34. b3 Bf6 35. Kd2 Bg5+ 36. Ke2 Bf6 37. Kd2 b5 38. b4+ axb4 39. cxb4+ Kc6 40. a5 d4 41. Na3 Bg5+ 42. Kd1 Bf4 43. Nc2 Kd5 44. Na3 Kc6 45. Nc2 Be5 46. Kd2 h5 47. gxh5 gxh5 48. g4 d3 49. Ne1 Bf4+ 50. Kd1 hxg4 51. hxg4 Bh6 52. Ng2 Bg5 53. Ne1 Kb7 54. Ng2 e3 55. Ke1 Kc6 56. Kf1 Kd5 57. Ke1 Kc6 58. Kd1 Bh6 59. Ke1 Kc7 60. Kd1 Kb7 61. Nh4 1-0

[Event "African Games Rapid Open 2019"]
[Site "Casablanca"]
[Date "2019.08.26"]
[Round "4.16"]
[White "Eichab, Charles"]
[Black "Winston Gerald, Mansfield Thomas"]
[Result "1-0"]
[ECO "A10"]
[WhiteElo "2016"]
[BlackElo "1872"]
[Annotator "NA"]
[PlyCount "61"]
[EventDate "2019.08.26"]
[EventType "team-tourn"]
[EventCountry "MAR"]
[SourceTitle "playchess.com"]
[Source "ChessBase"]
[SourceQuality "1"]
[TimeControl "900+10"]

1. c4 g6 2. g3 Bg7 3. Bg2 c6 4. Nf3 Nf6 5. O-O O-O 6. Nc3 d6 7. d4 Qc7 8. b3 Bf5 9. Bb2 Ne4 10. Rc1 h6 11. Nh4 Nxc3 12. Bxc3 Bg4 13. h3 Bc8 14. e4 e5 15. Qd2 Nd7 16. Rcd1 c5 17. dxe5 dxe5 18. f4 exf4 19. Bxg7 Kxg7 20. gxf4 Qd8 21. Qf2 Qe7 22. f5 g5 23. Rxd7 Qxd7 24. f6+ Kh7 25. Nf5 Qc7 26. h4 Qe5 27. hxg5 hxg5 28. Qf3 Bxf5 29. Qh5+ Kg8 30. Rxf5 Qd4+ 31. Kh2 1-0

[Event "African Games Rapid Open 2019"]
[Site "Casablanca"]
[Date "2019.08.26"]
[Round "4.17"]
[White "Hassan, Abderrahmane"]
[Black "Ebosse, Kingue Victor Patric"]
[Result "0-1"]
[ECO "A45"]
[WhiteElo "1786"]
[BlackElo "2055"]
[Annotator "NA"]
[PlyCount "96"]
[EventDate "2019.08.26"]
[EventType "team-tourn"]
[EventCountry "MAR"]
[SourceTitle "playchess.com"]
[Source "ChessBase"]
[SourceQuality "1"]
[TimeControl "900+10"]

1. d4 Nf6 2. Nc3 e6 3. e4 Bb4 4. Bd3 Nc6 5. a3 Bxc3+ 6. bxc3 d6 7. Nf3 e5 8. h3 h6 9. O-O O-O 10. a4 Re8 11. d5 Ne7 12. Nd2 Ng6 13. Nc4 a5 14. Be3 Qe7 15. Na3 Bd7 16. Nb5 c6 17. dxc6 Bxc6 18. f3 Nh5 19. Bc4 Nhf4 20. Bxf4 Nxf4 21. Kh2 Rad8 22. g3 Ne6 23. Bb3 Nc5 24. Bd5 Kh8 25. c4 Rf8 26. Qd2 f5 27. Nc3 Rf6 28. exf5 Rxf5 29. Be4 Rf6 30. Nd5 Bxd5 31. Qxd5 Rdf8 32. Ra3 Qc7 33. Rb1 h5 34. h4 Rg8 35. Kg2 g6 36. Qd2 Kg7 37. Qd5 Rgf8 38. Rb5 R8f7 39. Kh3 Re7 40. Qd2 Nxe4 41. fxe4 Qxc4 42. Qd3 Qe6+ 43. Kg2 Qg4 44. Ra1 Ref7 45. Rxa5 Rf2+ 46. Kg1 R2f3 47. Qd1 Rxg3+ 48. Kh2 Qh3# 0-1

[Event "African Games Rapid Open 2019"]
[Site "Casablanca"]
[Date "2019.08.26"]
[Round "4.18"]
[White "Sang, Ricky"]
[Black "Asante Debesai Zerabruk"]
[Result "1-0"]
[ECO "A45"]
[WhiteElo "1971"]
[BlackElo "1712"]
[Annotator "NA"]
[PlyCount "125"]
[EventDate "2019.08.26"]
[EventType "team-tourn"]
[EventCountry "MAR"]
[SourceTitle "playchess.com"]
[Source "ChessBase"]
[SourceQuality "1"]
[TimeControl "900+10"]

1. d4 Nf6 2. Bf4 e6 3. e3 c5 4. c3 Nc6 5. Nd2 Be7 6. Bd3 d5 7. Ngf3 O-O 8. Ne5 Bd7 9. h4 Nxe5 10. dxe5 Ne8 11. g4 f6 12. exf6 Bxf6 13. g5 Be7 14. Qc2 Bd6 15. Bxh7+ Kh8 16. Qg6 Bxf4 17. exf4 Rxf4 18. Qh5 d4 19. Bg6+ Kg8 20. Qh7+ Kf8 21. Qh8+ Ke7 22. Bxe8 Bxe8 23. Qxg7+ Rf7 24. Qe5 Rf5 25. Qg3 Bc6 26. Rh2 d3 27. O-O-O Kf7 28. Nc4 Kg7 29. Rxd3 Qe7 30. Ne3 Rf3 31. Qe5+ Kh7 32. Rd6 Re8 33. Ng4 Rf5 34. Nf6+ Kh8 35. Qg3 Rf3 36. Qe5 Rf5 37. Qe2 Bf3 38. Qd2 Rxf6 39. gxf6 Qxf6 40. Qg5 Qf8 41. Qe5+ Kh7 42. Rd7+ Re7 43. Rxe7+ Qxe7 44. Rh3 Bg4 45. Rg3 Bf5 46. Qf4 Qf7 47. Qg5 b6 48. h5 Be4 49. h6 Bg6 50. Qe5 a6 51. Re3 Bf5 52. Rg3 Bg6 53. f4 Qf5 54. Qxf5 Bxf5 55. Rg7+ Kxh6 56. Rb7 Kh5 57. Kd2 b5 58. Rb6 Kg4 59. Ke3 b4 60. cxb4 cxb4 61. Rxb4 Kh5 62. Rb6 a5 63. Ra6 1-0

[Event "African Games Rapid Open 2019"]
[Site "Casablanca"]
[Date "2019.08.26"]
[Round "4.19"]
[White "Kamara, Ansumana"]
[Black "Kourakoumba, Florent"]
[Result "1/2-1/2"]
[ECO "C00"]
[WhiteElo "1928"]
[BlackElo "1677"]
[Annotator "NA"]
[PlyCount "135"]
[EventDate "2019.08.26"]
[EventType "team-tourn"]
[EventCountry "MAR"]
[SourceTitle "playchess.com"]
[Source "ChessBase"]
[SourceQuality "1"]
[TimeControl "900+10"]

1. e4 e6 2. d4 d6 3. c4 Be7 4. f4 Nf6 5. Nc3 O-O 6. Nf3 c6 7. Bd3 Nbd7 8. O-O e5 9. fxe5 dxe5 10. d5 Nc5 11. Bc2 Nfd7 12. Be3 f6 13. d6 Re8 14. dxe7 Qxe7 15. Nh4 g6 16. Qf3 Ne6 17. g3 Rf8 18. Bh6 Rf7 19. Be3 b6 20. Qg4 Nef8 21. Nf5 Qe6 22. Nh6+ Kg7 23. Qxe6 Nxe6 24. Nxf7 Kxf7 25. Rad1 c5 26. Nd5 Bb7 27. Nxf6 Ndf8 28. Nxh7+ Kg7 29. Nxf8 Nxf8 30. Bg5 Re8 31. Rd8 Rxd8 32. Bxd8 Ne6 33. Bf6+ Kh6 34. Bxe5 Nd4 35. Bxd4 cxd4 36. Rd1 Kh5 37. Rxd4 g5 38. e5 Bc6 39. e6 Kh6 40. Rd6 Be8 41. Rd7 g4 42. Kf2 Kg5 43. Rxa7 Kf6 44. e7 Ke6 45. Bf5+ Kxf5 46. Ke3 Ke6 47. Kf4 Bd7 48. Kxg4 Kxe7+ 49. Kg5 Kd6 50. Rxd7+ Kxd7 51. h4 Kd6 52. h5 Kc5 53. h6 Kxc4 54. h7 b5 55. h8=Q b4 56. Kf4 Kd3 57. Qe5 Kc2 58. g4 Kb1 59. a4 bxa3 60. bxa3 Ka2 61. a4 Ka3 62. a5 Kb4 63. a6 Ka4 64. Qc5 Kb3 65. a7 Kb2 66. a8=R Kb3 67. Rb8+ Ka4 68. Qa7# 1/2-1/2

[Event "African Games Rapid Open 2019"]
[Site "Casablanca"]
[Date "2019.08.26"]
[Round "4.22"]
[White "Gole, Habtamu Ashenafi"]
[Black "Yahi, Mohamed Salem"]
[Result "1-0"]
[ECO "A53"]
[WhiteElo "2046"]
[BlackElo "1928"]
[Annotator "NA"]
[PlyCount "79"]
[EventDate "2019.08.26"]
[EventType "team-tourn"]
[EventCountry "MAR"]
[SourceTitle "playchess.com"]
[Source "ChessBase"]
[SourceQuality "1"]
[TimeControl "900+10"]

1. d4 d6 2. c4 Nf6 3. Nc3 g6 4. e4 Bg7 5. Be3 Nc6 6. f3 e5 7. d5 Ne7 8. Qd2 a6 9. Nge2 c6 10. Ng3 cxd5 11. cxd5 b5 12. h4 h5 13. Bd3 Bb7 14. Qf2 Nd7 15. b4 Nc8 16. Bg5 Qb6 17. Be3 Qd8 18. a4 O-O 19. axb5 axb5 20. Rxa8 Bxa8 21. Nxb5 Nf6 22. O-O Qd7 23. Rc1 Qd8 24. Qa2 Nb6 25. Nc7 Bb7 26. Bxb6 Nd7 27. Bf2 Qxh4 28. Nf5 Qf6 29. Nxg7 Kxg7 30. Qa4 Bc8 31. Bb5 Qf4 32. Rd1 Nf6 33. Qa7 h4 34. Qe3 Qxe3 35. Bxe3 Nh5 36. Ne8+ Kh7 37. Rc1 Ba6 38. Bc6 Ng3 39. Ra1 Bd3 40. Ra7 1-0

[Event "African Games Rapid Open 2019"]
[Site "Casablanca"]
[Date "2019.08.26"]
[Round "5.2"]
[White "Hamdouchi, Hicham"]
[Black "Wanyama, Harold"]
[Result "0-1"]
[ECO "C78"]
[WhiteElo "2562"]
[BlackElo "2293"]
[Annotator "ChessBase"]
[PlyCount "152"]
[EventDate "2019.08.26"]
[EventType "team-tourn"]
[EventCountry "MAR"]
[SourceTitle "playchess.com"]
[Source "ChessBase"]
[SourceQuality "1"]
[TimeControl "900+10"]

1. e4 e5 2. Nf3 Nc6 3. Bb5 a6 4. Ba4 Nf6 5. O-O b5 6. Bb3 Bc5 7. a4 Rb8 8. c3 d6 9. d4 Bb6 10. a5 Ba7 11. h3 O-O 12. Be3 Qe7 13. Nbd2 Bb7 14. Re1 exd4 15. cxd4 Nb4 16. d5 Bxe3 17. Rxe3 c5 18. Nf1 Nd7 19. Ng3 g6 20. Qd2 Rbe8 21. Re2 Qf6 22. Nh2 h5 23. Nf3 Re7 24. Re3 Rfe8 25. Rae1 Bc8 26. Qc3 Ne5 27. Kh1 h4 28. Nf1 Kg7 29. N1d2 Nbd3 30. Rxd3 Nxd3 31. Qxd3 c4 32. Bxc4 bxc4 33. Nxc4 Bd7 34. Kg1 Bb5 35. Nfd2 g5 36. f3 Kg8 37. b3 Qf4 38. Qe3 Qxe3+ 39. Nxe3 Rc7 40. Ndc4 Rd8 41. Kf2 Kh7 42. Ke2 Bxc4+ 43. Nxc4 Rb8 44. Nxd6 Rxb3 45. Rd1 Ra3 46. Rd2 Rxa5 47. Ne8 Rc8 48. Nf6+ Kg6 49. Ng4 f6 50. Ne3 Rb5 51. Nf5 Rd8 52. Rc2 Rd7 53. Nd4 Rb6 54. Nc6 Kg7 55. Kd3 Rdb7 56. Kd4 Rb5 57. Nd8 Rd7 58. Ne6+ Kf7 59. Nc5 Rd6 60. Kc4 Rb1 61. Ra2 Rdb6 62. Nxa6 R1b2 63. Ra3 Rxg2 64. Nc5 Rc2+ 65. Rc3 Rxc3+ 66. Kxc3 Ke7 67. Nd3 Kd6 68. Kd4 Ra6 69. f4 Ra4+ 70. Ke3 g4 71. hxg4 h3 72. Nf2 h2 73. Kf3 Ra1 74. g5 fxg5 75. fxg5 Rg1 76. Kf4 Rf1 0-1